 Dungeon Crawl Stone Soup version 0.21.1-1-g345015f (webtiles) character file.

37 glosham the Bolt Thrower (level 3, -2/18 HPs)
             Began as a Vine Stalker Hunter on June 3, 2018.
             Slain by an orc wizard
             ... wielding a +1 dagger of pain
              (4 damage)
             ... on level 4 of the Dungeon.
             The game lasted 00:04:41 (182 turns).

glosham the Bolt Thrower (Vine Stalker Hunter)       Turns: 182, Time: 00:04:42

Health: -2/18      AC:  3    Str: 14    XL:     3   Next: 39%
Magic:  0/4        EV: 12    Int: 12    God:
Gold:   18         SH:  0    Dex: 14    Spells: 2/2 levels left

rFire    . . .     SeeInvis .   b - +1 hand crossbow
rCold    . . .     Gourm    .   (no shield)
rNeg     . . .     Faith    .   c - +0 leather armour
rPois    .         Spirit   +   (no helmet)
rElec    .         Reflect  .   (no cloak)
rCorr    .         Harm     .   (no gloves)
MR       .....                  (no boots)
Stlth    ++........             (no amulet)
HPRegen  0.06/turn              (no ring)
MPRegen  0.09/turn              (no ring)

@: lethally poisoned (-2 -> -5)
A: fangs 2, magic shield, antimagic bite, no potion heal 3, rot immunity
a: no special abilities


You were on level 4 of the Dungeon.
You were not hungry.

You visited 1 branch of the dungeon, and saw 4 of its levels.

You collected 18 gold pieces.

Inventory:

Hand Weapons
 a - a +0 rapier
 b - a +1 hand crossbow (weapon)
 h - a +0 short sword
Missiles
 d - 7 bolts (quivered)
Armour
 c - a +0 leather armour (worn)
 e - a +0 buckler
Scrolls
 j - a scroll of identify {unknown}
Potions
 g - 2 potions of flight {unknown}
 i - a potion of agility {unknown}
Comestibles
 f - a ration


   Skills:
 - Level 1.7 Fighting
 - Level 3.6 Crossbows
 - Level 1.5 Dodging
 - Level 1.2 Stealth
 * Level 2.9 Unarmed Combat


You had 2 spell levels left.
You didn't know any spells.

Dungeon Overview and Level Annotations

Branches:
Dungeon (4/15)
 Temple: D:4-7

Altars:
Ru


Innate Abilities, Weirdness & Mutations

You have extremely sharp teeth.
When hurt, damage is shared between your health and your magic reserves.
Your bite disrupts and absorbs the magic of your enemies.
Potions cannot restore your health.
You are immune to rotting.


Message History

Firing (i - inventory):
d - 12 bolts (quivered)
Press: ? - help, Shift-Dir - straight line
Okay, then.
Firing (i - inventory):
d - 12 bolts (quivered)
Press: ? - help, Shift-Dir - straight line, f - adder
Aim: an adder (slow)
You shoot a bolt.
The bolt hits the orc wizard but does no damage.
The orc wizard misses you.
Firing (i - inventory):
d - 11 bolts (quivered)
Press: ? - help, Shift-Dir - straight line, f/p - adder
Aim: an adder (slow)
You shoot a bolt. The bolt hits the orc wizard!
The orc wizard is heavily wounded.
The orc wizard hits you with a dagger of pain.
The orc wizard completely misses you.
Firing (i - inventory):
d - 10 bolts (quivered)
Press: ? - help, Shift-Dir - straight line, f/p - adder
Aim: an adder (slow)
You shoot a bolt. The bolt hits the adder!
The adder is almost dead.
The adder closely misses you. The orc wizard barely misses you.
Firing (i - inventory):
d - 9 bolts (quivered)
Press: ? - help, Shift-Dir - straight line, f/p - adder
Aim: an adder (almost dead, slow)
You shoot a bolt. The bolt barely misses the adder.
The adder bites you.
* * * LOW HITPOINT WARNING * * *
You are lethally poisoned!
The adder poisons you!
The orc wizard hits you with a dagger of pain.
* * * LOW HITPOINT WARNING * * *
You writhe in agony.
Firing (i - inventory):
d - 8 bolts (quivered)
Press: ? - help, Shift-Dir - straight line, f/p - adder
Aim: an adder (almost dead, slow)
You shoot a bolt. The bolt misses the adder.
* * * LOW HITPOINT WARNING * * *
You feel sick.
The orc wizard hits you with a dagger of pain.
You die...

+####
#..@#
#.So#
#.......#
###._.###
......
..#.s.#
...#...#
#######+


You could see an orc wizard (mute), an adder and a giant cockroach (paralysed).

Vanquished Creatures
  2 adders
  A leopard gecko (D:2)
  A goblin (D:3)
  A hobgoblin (D:3)
  6 jackals (D:3)
  2 bats (D:3)
  3 frilled lizards
  2 rats (D:2)
18 creatures vanquished.

Notes
Turn   | Place    | Note
-------+----------+-------------------------------------------
     0 | D:1      | glosham the Vine Stalker Hunter began the quest for the Orb.
     0 | D:1      | Reached XP level 1. HP: 11/11 MP: 2/2
    15 | D:2      | Reached skill level 1 in Unarmed Combat
    15 | D:2      | Reached XP level 2. HP: 12/15 MP: 3/3
    55 | D:2      | Reached skill level 2 in Unarmed Combat
    94 | D:3      | HP: 1/15 [jackal (2)]
    97 | D:3      | Reached XP level 3. HP: 1/18 MP: 0/4
   173 | D:4      | Found a sacrificial altar of Ru.
   182 | D:4      | Slain by an orc wizard

Skill      XL: |  1  2 |
---------------+-------+-----
Unarmed Combat | 1 2 |  2.9
Fighting       | |  1.7
Crossbows      | |  3.6
Dodging        | |  1.5
Stealth        | |  1.2

Action                   || total
-------------------------++-------
Melee: Short sword       ||    12
       Bite              ||     4
       Rapier            ||     1
 Fire: Hand crossbow     ||    36
 Stab: Invisible         ||     1
Armor: Leather armour    ||     4
Dodge: Dodged            ||    21

Table legend:
 A = Turns spent in this place as a percentage of turns spent in the entire game.
 B = Non-inter-level travel turns spent in this place as a percentage of non-inter-level travel turns spent in the entire game.
 C = Inter-level travel turns spent in this place as a percentage of turns spent in this place.
 D = Turns resting spent in this place as a percentage of non-inter-level travel turns spent in this place.
 E = Turns spent auto-exploring this place as a percentage of non-inter-level travel turns spent in this place.
 F = Non-inter-level travel turns spent in this place divided by the number of levels of this place that you've seen.
                   A       B       C       D       E      F
               +-------+-------+-------+-------+-------+----------------------
         Total | 100.0 | 100.0 |   0.0 |   0.0 |   0.0 |  45.5
       Dungeon | 100.0 | 100.0 |   0.0 |   0.0 |   0.0 |  45.5
               +-------+-------+-------+-------+-------+----------------------

Table legend:
 A = Kills in this place as a percentage of kills in entire the game.
 B = Kills by you in this place as a percentage of kills by you in the entire game.
 C = Kills by friends in this place as a percentage of kills by friends in the entire game.
 D = Other kills in this place as a percentage of other kills in the entire game.
 E = Experience gained in this place as a percentage of experience gained in the entire game.
 F = Experience gained in this place divided by the number of levels of this place that you have seen.
                   A       B       C       D       E      F
               +-------+-------+-------+-------+-------+----------------------
         Total | 100.0 | 100.0 |   N/A |   N/A | 100.0 |  13.2
       Dungeon | 100.0 | 100.0 |   N/A |   N/A | 100.0 |  13.2
               +-------+-------+-------+-------+-------+----------------------

Vault maps used:
D:1:      roderic_dead_forest
D:2:      old_standard_altar, lemuel_crystal_altar, minmay_misc_feat_chi
D:3:      fedhas_altar_4, nicolae_overflow_hidden_temple
D:4:      nicolae_ru_great_annihilating_truth, serial_shops, shop,
          cheibrodos_sewer_entry_drain, minmay_misc_feat_hallway,
          uniq_crazy_yiuf_cottage
